 Dungeon Crawl Stone Soup version 0.21-a0-394-gdc75ea7 (webtiles) character file.

25110 flows the Brawler (level 12, -3/126 HPs)
             Began as a Troll Monk on Oct 18, 2017.
             Was a High Priest of Trog.
             Slain by a basilisk (4 damage)
             ... on level 4 of the Lair of Beasts.
             The game lasted 00:20:52 (11549 turns).

flows the Brawler (Troll Monk)                     Turns: 11549, Time: 00:20:53

Health: -3/126     AC:  9    Str: 29    XL:     12   Next: 86%
Magic:  11/11      EV:  1    Int:  8    God:    Trog [*****.]
Gold:   577        SH:  0    Dex: 14    Spells: 11/11 levels left

rFire    + . .     SeeInvis +     - Unarmed
rCold    . . .     Gourm    +   B - +2 shield {rF+}
rNeg     + + +     Faith    .   L - +0 troll leather armour
rPois    ∞         Spirit   .   l - +0 hat {SInv}
rElec    .         Reflect  +   R - +1 cloak of Furgh {Str+3 Dex+2}
rCorr    .         Harm     .   (gloves unavailable)
MR       .....                  (boots unavailable)
Stlth    +.........             v - +5 amulet of reflection
HPRegen  1.11/turn              s - ring of wizardry
MPRegen  0.12/turn              H - +2 ring of intelligence

@: petrified
A: unfitting armour, claws 3, fast metabolism 3, gourmand, regeneration 1,
shaggy fur 1, tough skin 2
a: Berserk, Trog's Hand, Brothers in Arms, Burn Spellbooks, Renounce Religion


You were on level 4 of the Lair of Beasts.
You worshipped Trog.
Trog was extremely pleased with you.
You were full.

You visited 2 branches of the dungeon, and saw 14 of its levels.

You collected 806 gold pieces.
You spent 229 gold pieces at shops.

Inventory:

Missiles
 m - 5 javelins (quivered)
Armour
 l - a +0 hat of see invisible (worn)
 B - a +2 shield of fire resistance (worn)
 L - a +0 troll leather armour (worn)
 R - the +1 cloak of Furgh (worn) {Str+3 Dex+2}
   (You acquired it on level 1 of the Lair of Beasts)

   It affects your strength (+3).
   It affects your dexterity (+2).
Jewellery
 s - a ring of wizardry (left claw)
 v - a +5 amulet of reflection (around neck)
 z - an uncursed amulet of faith {unknown}
 H - a +2 ring of intelligence (right claw)
 S - an uncursed amulet of guardian spirit {unknown}
 Z - an uncursed amulet of regeneration {unknown}
Wands
 x - a wand of digging (16/24)
 F - a wand of paralysis (12/24)
 N - a wand of paralysis (12/24)
 U - a wand of confusion (14/48)
 X - a wand of disintegration (6/24)
Scrolls
 g - 6 scrolls of remove curse
 i - 11 scrolls of teleportation
 j - a scroll of summoning
 r - 3 scrolls of magic mapping
 y - a scroll of recharging
 A - 3 scrolls of enchant weapon
Potions
 c - a potion of mutation
 d - a potion of haste {unknown}
 e - a potion of ambrosia
 f - a potion of resistance
 k - a potion of invisibility
 n - 2 potions of agility
 p - 2 potions of flight
 t - 4 potions of lignification
 w - 4 potions of curing
 C - 2 potions of berserk rage
 D - 2 potions of cancellation
 E - a potion of might
 G - 2 potions of heal wounds {unknown}
 J - a potion of brilliance {unknown}
 O - a potion of magic {unknown}
 W - a potion of degeneration {unknown}
Books
 a - a book of Flames

   Spells                             Type                      Level
   a - Flame Tongue                   Conjuration/Fire             1
   b - Throw Flame                    Conjuration/Fire             2
   c - Conjure Flame                  Conjuration/Fire             3
   d - Inner Flame                    Hexes/Fire                   3
   e - Sticky Flame                   Conjuration/Fire             4
   f - Fireball                       Conjuration/Fire             5
   Trog disapproves of the use of such an item.
Miscellaneous
 Q - a lightning rod (4/4)
Comestibles
 b - 6 bread rations
 h - 6 meat rations
 o - 12 royal jellies
 q - 8 fruits


   Skills:
 + Level 10.2 Fighting
 - Level 2.4 Dodging
 - Level 1.0 Stealth
 - Level 7.0 Shields
 * Level 15.9 Unarmed Combat


You had 11 spell levels left.
You didn't know any spells.

Dungeon Overview and Level Annotations

Branches:
Dungeon (10/15)            Temple (0/1) D:4            Lair (4/6) D:10
  Swamp (0/4) Lair:4       Spider (0/4) Lair:2
    Orc: D:9-12

Altars:
Dithmenos
Elyvilon
Kikubaaqudgha
Nemelex Xobeh
Okawaru
Qazlal
Ru
Trog
Uskayaw
Vehumet
Wu Jian
The Shining One

Shops:
D:8 *}(


Innate Abilities, Weirdness & Mutations

You are too large for most types of armour.
You have claws for hands.
Your metabolism is lightning-fast.
You like to eat raw meat.
Your natural rate of healing is unusually fast.
You are covered in fur. (AC +1)
You have very tough skin. (AC +2)


Message History

* * * LOW HITPOINT WARNING * * *
The basilisk bites you!
* * * LOW HITPOINT WARNING * * *
The basilisk bites you but does no damage.
The basilisk bites you but does no damage.
The basilisk bites you!
* * * LOW HITPOINT WARNING * * *
The basilisk bites you!
* * * LOW HITPOINT WARNING * * *
The basilisk bites you!
* * * LOW HITPOINT WARNING * * *
The basilisk bites you.
* * * LOW HITPOINT WARNING * * *
The basilisk bites you!
* * * LOW HITPOINT WARNING * * *
The basilisk bites you but does no damage.
The basilisk bites you!
* * * LOW HITPOINT WARNING * * *
The basilisk bites you!
You die...

.
.#.......PP.####.....
.
.#.......##.##.......
.......†.#...........
.................P.#
........<.....8....#
...........8.....8.##
..............8......
..............l......
..P#..##..8.8@l.8.8.#
...#...P.....l....8..
##.........8......
.......8.....8..#
..........8.....#
...####.......... ..
#..........
#..........


You could see 3 basilisks.

Vanquished Creatures
  Gastronok (Lair:2)
  Snorg (Lair:3)
  The ghost of drclaw the Fighter, a journeyman GnWn of Makhleb (D:9)
  3 two-headed ogres
  Maurice (D:10)
  5 elephants (Lair:2)
  3 black mambas
  4 spiny frogs
  3 komodo dragons
  3 trolls
  A hornet (D:10)
  A slime creature (Lair:3)
  7 blink frogs
  5 hippogriffs
  Sigmund (D:6)
  25 yaks
  A basilisk (Lair:4)
  4 insubstantial wisps (Lair:4)
  5 water moccasins
  2 sky beasts
  7 porcupines
  A black bear (D:10)
  An orc warrior (D:4)
  5 ogres
  A centaur (D:10)
  6 crocodiles
  A big kobold (D:8)
  12 bullfrogs
  A gnoll sergeant (D:7)
  A scorpion (D:8)
  7 killer bees
  A howler monkey (D:6)
  3 crimson imps
  2 bullfrog zombies
  11 jellies
  8 hounds
  6 orc priests
  4 orc wizards
  A bullfrog skeleton (D:9)
  A gnoll shaman (D:7)
  4 iguanas
  6 worker ants
  A hound zombie (D:10)
  8 adders
  11 gnolls
  A shadow imp (D:7)
  23 oozes
  4 adder skeletons
  6 worms
  3 dart slugs (D:3)
  4 leopard geckos
  35 orcs
  11 bats
  2 giant cockroaches
  7 goblins
  10 hobgoblins
  14 jackals
  6 kobolds
  7 quokkas
  2 ball pythons (D:4)
  9 frilled lizards
  A quokka skeleton (D:5)
  A quokka zombie (D:6)
  3 rats
  A fungus (D:10)
337 creatures vanquished.

Vanquished Creatures (collateral kills)
  Rupert (Lair:3)
  2 hydras
  Urug (Lair:4)
  A hippogriff (Lair:3)
5 creatures vanquished.

Vanquished Creatures (others)
  6 fungi
  A plant (D:10)
7 creatures vanquished.

Grand Total: 349 creatures vanquished

Notes
Turn   | Place    | Note
-------+----------+-------------------------------------------
     0 | D:1      | flows the Troll Monk began the quest for the Orb.
     0 | D:1      | Reached XP level 1. HP: 22/22 MP: 0/0
    65 | D:1      | Reached XP level 2. HP: 29/29 MP: 1/1
   389 | D:1      | Reached XP level 3. HP: 33/36 MP: 2/2
   748 | D:1      | Reached skill level 4 in Unarmed Combat
  1104 | D:2      | Found a bloodstained altar of Trog.
  1130 | D:2      | Became a worshipper of Trog the Wrathful
  1130 | D:2      | Reached * piety under Trog
  1130 | D:2      | Reached ** piety under Trog
  1266 | D:2      | Reached XP level 4. HP: 45/45 MP: 3/3
  1875 | D:3      | Found a sacrificial altar of Ru.
  1875 | D:3      | Found a shadowy altar of Dithmenos.
  1925 | D:3      | Reached skill level 1 in Shields
  1928 | D:3      | Reached XP level 5. HP: 42/53 MP: 4/4
  2103 | D:3      | Found an ornate altar of the Wu Jian Council.
  2248 | D:3      | Found a sparkling altar of Nemelex Xobeh.
  2277 | D:3      | Reached skill level 5 in Unarmed Combat
  2281 | D:3      | Reached *** piety under Trog
  2532 | D:4      | Reached XP level 6. HP: 57/61 MP: 5/5
  2665 | D:4      | Found an ancient bone altar of Kikubaaqudgha.
  2794 | D:4      | Found a staircase to the Ecumenical Temple.
  2796 | D:4      | Noticed an orc warrior
  2816 | D:4      | Killed an orc warrior
  2816 | D:4      | Reached skill level 6 in Unarmed Combat
  2819 | D:4      | Reached XP level 7. HP: 49/68 MP: 6/6
  3253 | D:5      | Entered Level 5 of the Dungeon
  3331 | D:5      | Reached **** piety under Trog
  3353 | D:5      | Found a stormy altar of Qazlal.
  3369 | D:5      | Found an iron altar of Okawaru.
  3468 | D:5      | Reached skill level 7 in Unarmed Combat
  3930 | D:6      | Noticed Sigmund
  4016 | D:6      | Killed Sigmund
  4016 | D:6      | Reached XP level 8. HP: 47/79 MP: 7/7
  4216 | D:6      | Found a stormy altar of Qazlal.
  4733 | D:7      | Reached skill level 8 in Unarmed Combat
  4848 | D:7      | Reached skill level 5 in Fighting
  5241 | D:7      | You fall through a shaft for 2 floors!
  5255 | D:9      | Noticed drclaw's ghost (journeyman GnWn)
  5277 | D:9      | Killed drclaw's ghost
  5277 | D:9      | Reached skill level 9 in Unarmed Combat
  5277 | D:9      | Reached XP level 9. HP: 89/89 MP: 8/8
  5383 | D:8      | Found Wutho's Weapon Emporium.
  5702 | D:8      | Found Paykhurgh's Assorted Antiques.
  5712 | D:8      | Bought a scroll labeled EMPYUXOGHE for 29 gold pieces
  5713 | D:8      | Identified a scroll of acquirement
  5725 | D:8      | Bought a scroll labeled QOPPUM QIUWK for 29 gold pieces
  5726 | D:8      | Bought a black potion for 26 gold pieces
  5726 | D:8      | Bought an onyx ring for 145 gold pieces
  5780 | D:8      | Reached skill level 5 in Shields
  5905 | D:8      | Found Xiwyc's Gadget Boutique.
  5987 | D:8      | Reached skill level 10 in Unarmed Combat
  6064 | D:8      | Noticed a two-headed ogre
  6073 | D:8      | Killed a two-headed ogre
  6158 | D:8      | Noticed a troll
  6163 | D:8      | Killed a troll
  6199 | D:8      | Found a hide-covered altar of Uskayaw.
  6225 | D:8      | Found a white marble altar of Elyvilon.
  6225 | D:8      | Found a radiant altar of Vehumet.
  6323 | D:8      | Reached XP level 10. HP: 100/100 MP: 9/9
  6934 | D:10     | Entered Level 10 of the Dungeon
  6942 | D:10     | Reached skill level 11 in Unarmed Combat
  7082 | D:10     | Found a staircase to the Lair.
  7128 | D:10     | Reached ***** piety under Trog
  7230 | D:10     | Noticed a two-headed ogre
  7238 | D:10     | Killed a two-headed ogre
  7318 | D:10     | Noticed a two-headed ogre
  7321 | D:10     | Noticed Maurice
  7326 | D:10     | Killed a two-headed ogre
  7338 | D:10     | Killed Maurice
  7338 | D:10     | Reached skill level 12 in Unarmed Combat
  7467 | D:10     | Reached XP level 11. HP: 109/109 MP: 10/10
  7929 | Lair:1   | Entered Level 1 of the Lair of Beasts
  8150 | Lair:1   | Reached skill level 13 in Unarmed Combat
  8433 | Lair:1   | Got a translucent cloak
  8444 | Lair:1   | Identified the +1 cloak of Furgh {Str+3 Dex+2} (You acquired it on level 1 of the Lair of Beasts)
  9234 | Lair:2   | Noticed Gastronok
  9248 | Lair:2   | Killed Gastronok
  9372 | Lair:2   | Reached skill level 14 in Unarmed Combat
  9567 | Lair:2   | Found a hole to the Spider Nest.
  9657 | Lair:2   | Found a glowing golden altar of the Shining One.
  9696 | Lair:2   | Reached XP level 12. HP: 123/123 MP: 11/11
 10292 | Lair:3   | Noticed Rupert
 10299 | Lair:3   | Killed Rupert
 10353 | Lair:3   | Reached skill level 15 in Unarmed Combat
 10482 | Lair:3   | Noticed a four-headed hydra
 10491 | Lair:3   | Noticed Snorg
 10494 | Lair:3   | Killed a six-headed hydra
 10507 | Lair:3   | Killed Snorg
 10779 | Lair:3   | Received a gift from Trog
 11037 | Lair:3   | Reached skill level 10 in Fighting
 11340 | Lair:4   | Noticed an eight-headed hydra
 11394 | Lair:4   | Noticed a four-headed hydra
 11395 | Lair:4   | Noticed Urug
 11402 | Lair:4   | Killed a six-headed hydra
 11405 | Lair:4   | Killed Urug
 11441 | Lair:4   | Found a staircase to the Swamp.
 11549 | Lair:4   | HP: 1/126 [basilisk (7)]
 11549 | Lair:4   | Slain by a basilisk

Vault maps used:
D:1:      eino_arrival_druids_welcome, minmay_stone_trees_large
D:2:      bloody_trog, kennysheep_generic_room_2
D:3:      nemelex_altar_shiori, gammafunk_temple_overflow_wave,
          lemuel_round_altar
D:4:      lemuel_doored_altar, minmay_temple_entry_crystal_x, first_bread
D:5:      okawaru_trees_2, grunt_qazlal_sundering, uniq_sigmund
D:6:      overflow_temple_1_default
D:7:      minitemple
D:8:      lemuel_round_altar, chequers_temple_overflow_statue_of_worship,
          serial_shops, nicolae_shop_trees, shop, shop,
          hangedman_little_slice_of_home
D:10:     due_lair_maze_entry_diamond, uniq_maurice
Lair:1:   serial_bayou_pond_c, beast_lair_carwin_3, infiniplex_staircase_pool
Lair:2:   dummy_spider_entry, basic_altar, uniq_gastronok
Lair:3:   lemuel_slime, serial_bayou_pond_d, uniq_rupert, uniq_snorg
Lair:4:   minmay_swamp_entry_wisps, kennysheep_basilisk_garden,
          grunt_megastairs_5, uniq_urug

Skill      XL: |  1  2  3  4  5  6  7  8  9 10 11 12 |
---------------+-------------------------------------+-----
Unarmed Combat | 4 5 6 7 9 10 12 14 15 | 15.9
Fighting       | 3 4 5 6 7 9 10 | 10.2
Shields        | 1 2 3 4 5 6 7 |  7.0
Dodging        | |  2.4
Stealth        | |  1.0

Action                   |  1- 3 |  4- 6 |  7- 9 | 10-12 || total
-------------------------+-------+-------+-------+-------++-------
Melee: Unarmed           |    99 |   156 |   278 |   515 ||  1048
       Punch             |     2 |       |       |       ||     2
Invok: Trog's Hand       |       |       |     1 |       ||     1
       Berserk           |       |       |     1 |     9 ||    10
       Brothers in Arms  |       |       |       |     3 ||     3
  Use: Scroll            |     2 |       |    14 |    12 ||    28
 Stab: Sleeping          |     3 |     2 |     4 |       ||     9
       Distracted        |       |       |     1 |       ||     1
  Eat: Chunk             |    17 |    12 |    36 |    54 ||   119
Armor: Robe              |    45 |    28 |    27 |       ||   100
       Troll leather arm |       |       |     1 |    81 ||    82
Dodge: Dodged            |    56 |    39 |    29 |   106 ||   230
Block: Shield            |    12 |    62 |   155 |   380 ||   609
       Reflection        |       |       |     2 |     1 ||     3

Table legend:
 A = Spawn XP
 B = Non-spawn XP
 C = Spawn XP percentage of total XP
 D = Spawn monster count
 E = Non-spawn monster count
 F = Spawn count percentage of total count
 G = Total turns spent on level
                    A         B        C        D         E        F      G
               +---------+---------+-------+---------+---------+-------+---------
         Total |       0 |   35872 |   0.0 |       0 |     341 |   0.0 | 11549
               +---------+---------+-------+---------+---------+-------+---------
           D:1 |       0 |      53 |   0.0 |       0 |      28 |   0.0 |   855
           D:2 |       0 |      70 |   0.0 |       0 |      25 |   0.0 |   922
           D:3 |       0 |     166 |   0.0 |       0 |      25 |   0.0 |   714
           D:4 |       0 |     591 |   0.0 |       0 |      39 |   0.0 |   762
           D:5 |       0 |     340 |   0.0 |       0 |      11 |   0.0 |   556
           D:6 |       0 |     576 |   0.0 |       0 |       9 |   0.0 |   870
           D:7 |       0 |     365 |   0.0 |       0 |      11 |   0.0 |   562
           D:8 |       0 |    2358 |   0.0 |       0 |      28 |   0.0 |  1014
           D:9 |       0 |    2021 |   0.0 |       0 |      27 |   0.0 |   749
          D:10 |       0 |    6278 |   0.0 |       0 |      41 |   0.0 |   925
        Lair:1 |       0 |    3950 |   0.0 |       0 |      19 |   0.0 |  1288
        Lair:2 |       0 |    7982 |   0.0 |       0 |      19 |   0.0 |  1075
        Lair:3 |       0 |    8172 |   0.0 |       0 |      47 |   0.0 |  1048
        Lair:4 |       0 |    2950 |   0.0 |       0 |      12 |   0.0 |   209
               +---------+---------+-------+---------+---------+-------+---------
